 Dungeon Crawl Stone Soup version 0.30.1-8-g117510f58f (webtiles) character file.

Game seed: 975643894159102603

142 HagarQim the Digger (level 5, -1/24 HPs)
             Began as a Spriggan Earth Elementalist on Sept 23, 2023.
             Was an Initiate of Vehumet.
             Slain by an orc wizard
             ... wielding a +0 dagger
              (2 damage)
             ... on level 4 of the Dungeon.
             The game lasted 00:11:43 (3035 turns).

HagarQim the Digger (Spriggan Earth Elementalist)   Turns: 3035, Time: 00:11:43

Health: -1/24      AC:  2    Str: 16    XL:     5   Next: 3%
Magic:  11/11      EV: 18    Int: 16    God:    Vehumet [......]
Gold:   119        SH:  0    Dex: 18    Spells: 7/11 levels left

rFire   . . .        j - +0 dagger (chaos)
rCold   . . .        (no shield)
rNeg    . . .        a - +0 robe
rPois   .            (helmet restricted)
rElec   .            (no cloak)
rCorr   .            (gloves unavailable)
SInv    +            (boots unavailable)
Will    .....        (no amulet)
Stlth   +            c - +6 ring of strength
HPRegen 0.24/turn    p - +6 ring of strength
MPRegen 0.12/turn

%: no passive effects
@: confused, very quick
A: very small, no large weapons, unfitting armour, see invisible, speed 3
a: Renounce Religion


You were on level 4 of the Dungeon.
You worshipped Vehumet.
Vehumet was noncommittal.
You visited 1 branch of the dungeon, and saw 4 of its levels.

You collected 119 gold pieces.

Inventory:

Hand Weapons
 e - a +0 mace of holy wrath
 j - a +0 dagger of chaos (weapon)
Armour
 a - a +0 robe (worn)
Jewellery
 c - a +6 ring of strength (left hand)
 p - a +6 ring of strength (right hand)
Wands
 i - a wand of flame (10)
Scrolls
 f - 2 scrolls of noise
 l - a scroll of blinking
 q - a scroll of brand weapon
Potions
 b - 2 potions of magic
 d - a potion of haste {unknown}
 g - 6 potions of brilliance
 h - 2 potions of curing
 k - 2 potions of cancellation {unknown}
 m - 2 potions of mutation
 n - 2 potions of lignification
 o - a potion of flight {unknown}
 r - a potion of berserk rage {unknown}


   Skills:
 + Level 0.1 Fighting
 + Level 1.5 Short Blades
 + Level 3.0 Dodging
 + Level 3.4 Stealth
 + Level 3.9 Spellcasting
 * Level 0.9 Conjurations
 + Level 1.3 Transmutations
 + Level 3.9 Earth Magic


You had 7 spell levels left.
You knew the following spells:

 Your Spells              Type           Power      Damage    Failure   Level
a - Sandblast             Erth           30%        2d9       3%          1
b - Stone Arrow           Conj/Erth      20%        3d8       19%         3

Your spell library contained the following spells:

 Spells                   Type           Power      Damage    Failure   Level
 Passwall                 Tmut/Erth      9%         N/A       9%          2
 Apportation              Tloc           6%         N/A       17%         1
 Necrotise                Necr           12%        1d4       17%         1
 Summon Small Mammal      Summ           12%        N/A       17%         1
 Dazzling Flash           Conj/Hex       8%         N/A       38%         3
 Frozen Ramparts          Ice            6%         1d1       45%         3
 Vhi's Electric Charge    Tloc/Air       6%         N/A       45%         3
 Petrify                  Tmut/Erth      11%        N/A       50%         4
 Ice Form                 Ice/Tmut       5%         N/A       78%         4
 Summon Ice Beast         Ice/Summ       3%         N/A       86%         4
 Arcjolt                  Conj/Air       2%         1d12      98%         5
 Agony                    Necr           3%         N/A       99%         5
 Silence                  Hex/Air        1%         N/A       99%         5
 Plasma Beam              Fire/Air       1%         2x1d12    100%        6


Dungeon Overview and Level Annotations

Branches:
Dungeon (4/15)
 Temple: D:4-7

Altars:
Nemelex Xobeh
Vehumet
Wu Jian

Shops:
D:1 [[


Innate Abilities, Weirdness & Mutations

You are very small and have problems with some larger weapons.
You are too small for most types of armour.
You have supernaturally acute eyesight. (SInv)
You cover ground extremely quickly. (Speed+++)


Message History

* * * LOW HITPOINT WARNING * * *
You're too confused to move!
The orc wizard barely misses you. The orc barely misses you.
You closely miss the orc.
The orc is severely wounded.
The orc wizard completely misses you. The orc hits you but does no damage.
You bump into the rock wall.
You hear the hiss of a distant avalanche of sand.
The orc wizard closely misses you. The orc barely misses you.
The orc misses you.
You feel better.
The orc wizard hits you with a +0 dagger.
The orc misses you. The orc closely misses you.
You closely miss the orc.
The orc is severely wounded.
The orc misses you. The orc wizard closely misses you.
The orc barely misses you.
You barely miss the orc.
The orc is severely wounded.
You hit the orc.
You kill the orc!
Vehumet accepts your kill. The orc completely misses you.
The orc wizard misses you.
You hit the orc.
The orc resists with significant effort.
The orc is heavily wounded.
The orc wizard gestures at you while chanting.
You are confused.
You hit the orc wizard.
The orc wizard is poisoned.
The orc wizard is lightly wounded.
The orc hits you with a +0 club. The orc wizard misses you.
The orc completely misses you.
You bump into the rock wall.
The orc closely misses you.
The orc wizard hits you with a +0 dagger.
* * * LOW HITPOINT WARNING * * *
The orc barely misses you.
You barely miss the orc. The orc hits you with a +0 club.
* * * LOW HITPOINT WARNING * * *
The orc wizard hits you with a +0 dagger.
You die...

## .. .# # ###.###
....... #.
.......########....
.......oo##.†.....#
.......#o@#.##
#####
#########o...#
)...# ###..##
....### #...#
....'.#
#######.#..#
....#.#
#.......##>...
....#.# #.#######
##### #####.# #.#
#####.######.#


You could see an orc wizard (invisible, very poisoned) and 3 orcs.

Vanquished Creatures
  7 adders
  A worm (D:3)
  A dart slug (D:3)
  7 orcs
  8 ball pythons
  4 bats
  4 endoplasms
  4 giant cockroaches
  6 goblins
  6 hobgoblins
  4 jackals (D:2)
  2 kobolds
  3 frilled lizards
  6 rats
63 creatures vanquished.

Notes
Turn   | Place    | Note
-------+----------+-------------------------------------------
     0 | D:1      | HagarQim the Spriggan Earth Elementalist began the quest
                  | for the Orb.
     0 | D:1      | Reached XP level 1. HP: 9/9 MP: 5/5
   277 | D:1      | Reached XP level 2. HP: 13/13 MP: 4/6
   383 | D:1      | Found Kaisac's Armour Shop.
   495 | D:1      | Found Mitsim's Armour Shop.
   874 | D:2      | Reached XP level 3. HP: 16/16 MP: 8/8
   878 | D:2      | Learned a level 3 spell: Stone Arrow
  1428 | D:2      | Reached skill level 1 in Short Blades
  1428 | D:2      | Reached XP level 4. HP: 20/21 MP: 5/10
  2171 | D:3      | Found a radiant altar of Vehumet.
  2352 | D:3      | Became a worshipper of Vehumet
  2415 | D:3      | Identified the +0 chain mail "Bikkyte" {rElec MP-9 Dex+6
                  | Stlth+}
  2774 | D:3      | Found an ornate altar of the Wu Jian Council.
  2837 | D:4      | Reached XP level 5. HP: 24/24 MP: 8/11
  2861 | D:4      | Found a sparkling altar of Nemelex Xobeh.
  3035 | D:4      | HP: 1/24 [orc/+0 club (4)]
  3035 | D:4      | Slain by an orc wizard

Illustrated notes

Levels and vault maps discovered:
D:1:      sevenhm_arrival_forest_fort_small_4, layout_basic, serial_shops,
          nicolae_shop_tiny_glass, nicolae_shop_advertising_works
          [nicolae_subvault_shop_adworks], st_stairs_11
D:2:      layout_loops_corners, minmay_misc_feat_pillars
D:3:      layout_basic, vehumet_altar_wand_db, pdpol_wu_jian_five_deadly_venoms
D:4:      layout_basic, nemelex_spade_bored_becter, minmay_temple_entry_wispy,
          chequers_ossuary_entry_cave

Skill      XL: |  1  2  3  4 |
---------------+-------------+-----
Earth Magic    | 3 |  3.9
Spellcasting   | 3 |  3.9
Short Blades   | 1 |  1.5
Dodging        | 3 |  3.0
Fighting       | |  0.1
Stealth        | |  3.4
Conjurations   | |  0.9
Transmutations | |  1.3

Action                     |  1- 3 |  4- 6 || total
---------------------------+-------+-------++-------
  Melee: Dagger            |    49 |    53 ||   102
         Punch             |       |     2 ||     2
   Cast: Sandblast         |    43 |    39 ||    82
    Use: Scroll            |       |    11 ||    11
         Potion            |       |     1 ||     1
   Stab: Sleeping          |     6 |     2 ||     8
         Paralysed         |       |     1 ||     1
 Armour: Robe              |     5 |    10 ||    15
  Dodge: Dodged            |    58 |    68 ||   126
